TOP OF THE 1ST |
Wisconsin Rapids Timber Rattlers batting - Pitching for Clinton Pilots : RHP Richard Patterson
|
Pitching: RHP Richard Patterson
|
|
Batting: RHB Tim Pyznarski
|
0-0: Ball 1-0: Ground out 6-3 (Groundball, 6, EV 106.3 MPH)
|
Batting: RHB Jim Presley
|
0-0: Ground out 5-3 (Groundball, 56S, EV 76.9 MPH)
|
Batting: LHB Dion James
|
0-0: Ball 1-0: Ball 2-0: Fly out, F7 (Flyball, 7, EV 91.3 MPH)
|
Top of the 1st over - 0 runs, 0 hits, 0 errors, 0 left on base; Wisconsin Rapids 0 - Clinton 0 |
BOTTOM OF THE 1ST |
Clinton Pilots batting - Pitching for Wisconsin Rapids Timber Rattlers : RHP Ted Kromy
|
Pitching: RHP Ted Kromy
|
|
Batting: RHB Danny Chairez
|
0-0: Foul Ball, location: 2F 0-1: Called Strike 0-2: Foul Ball, location: 2F 0-2: Ball 1-2: Strikes out swinging
|
Batting: RHB Tom Riley
|
0-0: Ball 1-0: SINGLE (Groundball, 56D, EV 93.8 MPH)
|
Batting: SHB Alan Regier
|
0-0: Called Strike 0-1: Swinging Strike 0-2: Ball 1-2: Foul Ball, location: 2F 1-2: Ball 2-2: Ball 3-2: Grounds into double play, 4-6-3 (Groundball, 4, EV 108.8 MPH)
|
Bottom of the 1st over - 0 runs, 1 hit, 0 errors, 0 left on base; Wisconsin Rapids 0 - Clinton 0 |
TOP OF THE 2ND |
Wisconsin Rapids Timber Rattlers batting - Pitching for Clinton Pilots : RHP Richard Patterson
|
Batting: LHB Greg Smith
|
0-0: Foul Ball, location: 2F 0-1: Called Strike 0-2: Foul Ball, location: 2F 0-2: Foul Ball, location: 2F 0-2: Foul Ball, location: 2F 0-2: Strikes out swinging
|
Batting: LHB Matt Hall
|
0-0: Ball 1-0: Foul Ball, location: 2F 1-1: Ball 2-1: Ball 3-1: Ground out 6-3 (Groundball, 6S, EV 88.1 MPH)
|
Batting: RHB Darryl Motley
|
0-0: Ball 1-0: Swinging Strike 1-1: Ground out 6-3 (Groundball, 6, EV 81.3 MPH)
|
Top of the 2nd over - 0 runs, 0 hits, 0 errors, 0 left on base; Wisconsin Rapids 0 - Clinton 0 |
BOTTOM OF THE 2ND |
Clinton Pilots batting - Pitching for Wisconsin Rapids Timber Rattlers : RHP Ted Kromy
|
Batting: RHB Abe Rael
|
0-0: Ball 1-0: Foul Ball, location: 2F 1-1: Foul Ball, location: 2F 1-2: Foul Ball, location: 2F 1-2: Strikes out looking
|
Batting: LHB Thomas Berti
|
0-0: Called Strike 0-1: Foul Ball, location: 2F 0-2: Strikes out swinging
|
Batting: RHB Alberto Reyes
|
0-0: Foul Ball, location: 2F 0-1: Swinging Strike 0-2: Ball 1-2: Foul Ball, location: 2F 1-2: Ground out 4-3 (Groundball, 4MD, EV 80.0 MPH)
|
Bottom of the 2nd over - 0 runs, 0 hits, 0 errors, 0 left on base; Wisconsin Rapids 0 - Clinton 0 |
TOP OF THE 3RD |
Wisconsin Rapids Timber Rattlers batting - Pitching for Clinton Pilots : RHP Richard Patterson
|
Batting: RHB Al Pedrique
|
0-0: Foul Ball, location: 2F 0-1: DOUBLE (Flyball, 89D, EV 100.0 MPH)
|
Batting: SHB Jose Uribe
|
0-0: Foul Ball, location: 2F 0-1: Swinging Strike 0-2: Fly out, F9 (Flyball, 9, EV 83.8 MPH)
|
Batting: RHB Phil Lombardi
|
0-0: Ball 1-0: Foul Ball, location: 2F 1-1: Ball 2-1: SINGLE (Groundball, 4MD, EV 103.8 MPH) Al Pedrique to third Runner from 3rd tries for Home, SAFE, throw by CF to home
|
Batting: RHB Tim Pyznarski
|
0-0: Ball 1-0: Fly out, F8 (Line Drive, 8RD, EV 96.9 MPH)
|
Batting: RHB Jim Presley
|
0-0: Ball 1-0: Fly out, F8 (Flyball, 8RD, EV 99.4 MPH)
|
Top of the 3rd over - 1 run, 2 hits, 0 errors, 1 left on base; Wisconsin Rapids 1 - Clinton 0 |
BOTTOM OF THE 3RD |
Clinton Pilots batting - Pitching for Wisconsin Rapids Timber Rattlers : RHP Ted Kromy
|
Batting: RHB Barry Siebert
|
0-0: Ball 1-0: Foul Ball, location: 2F 1-1: Foul Ball, location: 2F 1-2: Ball 2-2: Foul Ball, location: 2F 2-2: Ground out U3 (Groundball, 3, EV 88.8 MPH)
|
Batting: LHB Epifano Martinez
|
0-0: Foul Ball, location: 2F 0-1: Foul Ball, location: 2F 0-2: Strikes out looking
|
Batting: RHB Donn Koch
|
0-0: Ball 1-0: Swinging Strike 1-1: Ball 2-1: Called Strike 2-2: Ball 3-2: Foul Ball, location: 2F 3-2: Strikes out swinging
|
Bottom of the 3rd over - 0 runs, 0 hits, 0 errors, 0 left on base; Wisconsin Rapids 1 - Clinton 0 |
TOP OF THE 4TH |
Wisconsin Rapids Timber Rattlers batting - Pitching for Clinton Pilots : RHP Richard Patterson
|
Batting: LHB Dion James
|
0-0: Ball 1-0: Called Strike 1-1: Called Strike 1-2: Ball 2-2: Ball 3-2: SINGLE (Line Drive, 78M, EV 91.3 MPH)
|
Batting: LHB Greg Smith
|
0-0: Foul Ball, location: 2F 0-1: Called Strike 0-2: Ball 1-2: Ball 2-2: Ball 3-2: Fielders Choice at 2nd, 3-6 (Groundball, 3, EV 103.8 MPH)
|
Batting: LHB Matt Hall
|
0-0: Ball 1-0: Ball Greg Smith steals 2nd base 2-0: Called Strike 2-1: Ball 3-1: Base on Balls
|
Batting: RHB Darryl Motley
|
0-0: Called Strike 0-1: Ball 1-1: Foul Ball, location: 2F 1-2: Fly out, F8 (Flyball, 8LXD, EV 83.8 MPH) Runner from 2nd tags up, SAFE at 3rd, no throw by CF
|
Batting: RHB Al Pedrique
|
0-0: Ground out 4-3 (Groundball, 4S, EV 65.0 MPH)
|
Top of the 4th over - 0 runs, 1 hit, 0 errors, 2 left on base; Wisconsin Rapids 1 - Clinton 0 |
BOTTOM OF THE 4TH |
Clinton Pilots batting - Pitching for Wisconsin Rapids Timber Rattlers : RHP Ted Kromy
|
Batting: RHB Danny Chairez
|
0-0: Ball 1-0: Ground out 6-3 (Groundball, 6MD, EV 88.8 MPH)
|
Batting: RHB Tom Riley
|
0-0: Ball 1-0: Ball 2-0: Called Strike 2-1: Called Strike 2-2: Ground out 4-3 (Groundball, 34D, EV 103.1 MPH)
|
Batting: SHB Alan Regier
|
0-0: Foul Ball, location: 2F 0-1: Foul Ball, location: 2F 0-2: Ball 1-2: Ball 2-2: Ball 3-2: Ground out 4-3 (Groundball, 4S, EV 73.8 MPH)
|
Bottom of the 4th over - 0 runs, 0 hits, 0 errors, 0 left on base; Wisconsin Rapids 1 - Clinton 0 |
TOP OF THE 5TH |
Wisconsin Rapids Timber Rattlers batting - Pitching for Clinton Pilots : RHP Richard Patterson
|
Batting: SHB Jose Uribe
|
0-0: Fly out, F8 (Line Drive, 8LM, EV 90.0 MPH)
|
Batting: RHB Phil Lombardi
|
0-0: Ball 1-0: Ball 2-0: Ball 3-0: Base on Balls
|
Batting: RHB Tim Pyznarski
|
0-0: Called Strike 0-1: Ball 1-1: Ball 2-1: Swinging Strike 2-2: Ball 3-2: Strikes out looking
|
Batting: RHB Jim Presley
|
0-0: Ball 1-0: Ground out 4-3 (Groundball, 4, EV 90.6 MPH)
|
Top of the 5th over - 0 runs, 0 hits, 0 errors, 1 left on base; Wisconsin Rapids 1 - Clinton 0 |
BOTTOM OF THE 5TH |
Clinton Pilots batting - Pitching for Wisconsin Rapids Timber Rattlers : RHP Ted Kromy
|
Batting: RHB Abe Rael
|
0-0: Called Strike 0-1: Called Strike 0-2: Ball 1-2: Ball 2-2: Foul Ball, location: 2F 2-2: Strikes out looking
|
Batting: LHB Thomas Berti
|
0-0: Swinging Strike 0-1: Foul Ball, location: 2F 0-2: Strikes out swinging
|
Batting: RHB Alberto Reyes
|
0-0: Called Strike 0-1: Fly out, F6 (Line Drive, 6, EV 70.6 MPH)
|
Bottom of the 5th over - 0 runs, 0 hits, 0 errors, 0 left on base; Wisconsin Rapids 1 - Clinton 0 |
TOP OF THE 6TH |
Wisconsin Rapids Timber Rattlers batting - Pitching for Clinton Pilots : RHP Richard Patterson
|
Batting: LHB Dion James
|
0-0: Foul Ball, location: 2F 0-1: Ball 1-1: Swinging Strike 1-2: Ball 2-2: Foul Ball, location: 2F 2-2: Strikes out swinging
|
Batting: LHB Greg Smith
|
0-0: Ball 1-0: Called Strike 1-1: Foul Ball, location: 2F 1-2: Ball 2-2: Foul Ball, location: 2F 2-2: Ground out 4-3 (Groundball, 4, EV 91.9 MPH)
|
Batting: LHB Matt Hall
|
0-0: Called Strike 0-1: Foul Ball, location: 2F 0-2: SINGLE (Flyball, 56D, EV 82.5 MPH)
|
Batting: RHB Darryl Motley
|
0-0: Called Strike 0-1: DOUBLE (Line Drive, 9LD, EV 105.6 MPH) Matt Hall to third Runner from 3rd tries for Home, SAFE, no throw by RF
|
Batting: RHB Al Pedrique
|
0-0: Ball 1-0: Ball 2-0: Swinging Strike 2-1: Ball 3-1: Ground out 6-3 (Groundball, 6, EV 79.4 MPH)
|
Top of the 6th over - 1 run, 2 hits, 0 errors, 1 left on base; Wisconsin Rapids 2 - Clinton 0 |
BOTTOM OF THE 6TH |
Clinton Pilots batting - Pitching for Wisconsin Rapids Timber Rattlers : RHP Ted Kromy
|
Batting: RHB Barry Siebert
|
0-0: Ball 1-0: Reached on error, E5 (Groundball, 56S, EV 80.6 MPH)
|
Batting: LHB Epifano Martinez
|
0-0: Swinging Strike 0-1: Ball 1-1: Swinging Strike 1-2: Ball 2-2: Strikes out looking
|
Batting: RHB Donn Koch
|
0-0: Called Strike 0-1: Swinging Strike 0-2: SINGLE (Line Drive, 34D, EV 96.3 MPH) Barry Siebert to third Runner from 3rd tries for Home, SAFE, throw by RF to home
|
Batting: RHB Danny Chairez
|
0-0: Ground out 5-3 (Groundball, 56S, EV 88.1 MPH) Donn Koch to second
|
Batting: RHB Tom Riley
|
0-0: Ball 1-0: Ground out U3 (Groundball, 3, EV 91.3 MPH)
|
Bottom of the 6th over - 1 run, 1 hit, 1 error, 1 left on base; Wisconsin Rapids 2 - Clinton 1 |
TOP OF THE 7TH |
Wisconsin Rapids Timber Rattlers batting - Pitching for Clinton Pilots : RHP Richard Patterson
|
Batting: SHB Jose Uribe
|
0-0: Called Strike 0-1: Fly out, F4 (Flyball, 4D, EV 86.3 MPH)
|
Batting: RHB Phil Lombardi
|
0-0: Foul Ball, location: 2F 0-1: Ball 1-1: Swinging Strike 1-2: Ball 2-2: Ball 3-2: DOUBLE (Line Drive, 89XD, EV 103.1 MPH)
|
Batting: RHB Tim Pyznarski
|
0-0: Called Strike 0-1: Ball 1-1: Ball 2-1: Foul Ball, location: 2F 2-2: Ball 3-2: Base on Balls
|
Batting: RHB Jim Presley
|
0-0: Called Strike 0-1: Ball 1-1: Fielders Choice at 2nd, 5-4 (Groundball, 56S, EV 83.8 MPH) Phil Lombardi to third
|
Batting: LHB Dion James
|
0-0: Ball 1-0: Foul Ball, location: 2F 1-1: Ball 2-1: Foul Ball, location: 2F 2-2: Ball 3-2: Foul Ball, location: 2F 3-2: Ground out 4-3 (Groundball, 4S, EV 81.3 MPH)
|
Top of the 7th over - 0 runs, 1 hit, 0 errors, 2 left on base; Wisconsin Rapids 2 - Clinton 1 |
BOTTOM OF THE 7TH |
Clinton Pilots batting - Pitching for Wisconsin Rapids Timber Rattlers : RHP Ted Kromy
|
Batting: SHB Alan Regier
|
0-0: Ball 1-0: Called Strike 1-1: Foul Ball, location: 2F 1-2: Ball 2-2: Foul Ball, location: 2F 2-2: Foul Ball, location: 2F 2-2: Ball 3-2: Fly out, F7 (Flyball, 7, EV 83.1 MPH)
|
Batting: RHB Abe Rael
|
0-0: Ball 1-0: Called Strike 1-1: Swinging Strike 1-2: Fly out, F8 (Flyball, 8LD, EV 95.6 MPH)
|
Batting: LHB Thomas Berti
|
0-0: Ground out U3 (Groundball, 3L, EV 84.4 MPH)
|
Bottom of the 7th over - 0 runs, 0 hits, 0 errors, 0 left on base; Wisconsin Rapids 2 - Clinton 1 |
TOP OF THE 8TH |
Wisconsin Rapids Timber Rattlers batting - Pitching for Clinton Pilots : RHP Richard Patterson
|
Batting: LHB Greg Smith
|
0-0: Foul Ball, location: 2F 0-1: Ball 1-1: Foul Ball, location: 2F 1-2: Ball 2-2: Foul Ball, location: 2F 2-2: Foul Ball, location: 2F 2-2: Ball 3-2: Foul Ball, location: 2F 3-2: Base on Balls
|
Pitching: RHP Robert Davis
|
|
Batting: LHB Matt Hall
|
0-0: Called Strike 0-1: Swinging Strike 0-2: Fielders Choice at 2nd, 5-4 (Groundball, 56S, EV 88.1 MPH)
|
Batting: RHB Darryl Motley
|
0-0: Ball 1-0: Ball 2-0: Fielders Choice at 2nd, 5-4 (Groundball, 56, EV 81.9 MPH)
|
Batting: RHB Al Pedrique
|
0-0: Ball 1-0: Ball 2-0: Swinging Strike 2-1: Ball 3-1: Fly out, F8 (Flyball, 89M, EV 84.4 MPH)
|
Top of the 8th over - 0 runs, 0 hits, 0 errors, 1 left on base; Wisconsin Rapids 2 - Clinton 1 |
BOTTOM OF THE 8TH |
Clinton Pilots batting - Pitching for Wisconsin Rapids Timber Rattlers : RHP Ted Kromy
|
Batting: RHB Alberto Reyes
|
0-0: Foul Ball, location: 2F 0-1: Called Strike 0-2: Ball 1-2: Ball 2-2: Ball 3-2: Hit by Pitch
|
Batting: RHB Barry Siebert
|
0-0: Bunt - Flyout to 15S! F1
|
Pitching: LHP Scott Bailes
|
|
Pinch Hitting: RHB Ferdinand Rivera
|
0-0: Ball 1-0: Fielders Choice at 2nd, 5-4 (Groundball, 56, EV 80.6 MPH)
|
Batting: RHB Donn Koch
|
0-0: Ball 1-0: Swinging Strike 1-1: Ball 2-1: Ball 3-1: Base on Balls Ferdinand Rivera to second
|
Batting: RHB Danny Chairez
|
0-0: Called Strike 0-1: Swinging Strike 0-2: Strikes out swinging
|
Bottom of the 8th over - 0 runs, 0 hits, 0 errors, 2 left on base; Wisconsin Rapids 2 - Clinton 1 |
TOP OF THE 9TH |
Wisconsin Rapids Timber Rattlers batting - Pitching for Clinton Pilots : RHP Robert Davis
|
Now in LF: Ferdinand Rivera
|
|
Batting: SHB Jose Uribe
|
0-0: Ball 1-0: Foul Ball, location: 2F 1-1: Foul Ball, location: 2F 1-2: Ground out U3 (Groundball, 34, EV 90.0 MPH)
|
Batting: RHB Phil Lombardi
|
0-0: Ground out U3 (Groundball, 13, EV 83.8 MPH)
|
Batting: RHB Tim Pyznarski
|
0-0: Ball 1-0: Ball 2-0: Ball 3-0: Base on Balls
|
Batting: RHB Jim Presley
|
0-0: Called Strike 0-1: Foul Ball, location: 2F 0-2: Strikes out looking
|
Top of the 9th over - 0 runs, 0 hits, 0 errors, 1 left on base; Wisconsin Rapids 2 - Clinton 1 |
BOTTOM OF THE 9TH |
Clinton Pilots batting - Pitching for Wisconsin Rapids Timber Rattlers : LHP Scott Bailes
|
Batting: RHB Tom Riley
|
0-0: Foul Ball, location: 2F 0-1: Ball 1-1: Ball 2-1: Ball 3-1: Base on Balls
|
Batting: SHB Alan Regier
|
0-0: Foul Ball, location: 2F 0-1: Ball 1-1: Ball 2-1: Foul Ball, location: 2F 2-2: Strikes out looking
|
Batting: RHB Abe Rael
|
0-0: Fly out, F9 (Flyball, 9LM, EV 105.6 MPH)
|
Pinch Hitting: LHB Darryl Stephens
|
0-0: Ball 1-0: Ball 2-0: Fly out, F9 (Flyball, 9LM, EV 95.6 MPH)
|
Bottom of the 9th over - 0 runs, 0 hits, 0 errors, 1 left on base; Wisconsin Rapids 2 - Clinton 1 |
|